 Dungeon Crawl Stone Soup version 0.30.1-11-g7821555f0a (webtiles) character file.

Game seed: 17532362980046931355

3327 Peloso the Carver (level 9, -5/80 HPs)
             Began as a Minotaur Fighter on Dec 23, 2023.
             Splashed by a jelly's acid (11 damage)
             ... on level 7 of the Dungeon.
             The game lasted 00:12:04 (6122 turns).

Peloso the Carver (Minotaur Fighter)                Turns: 6122, Time: 00:12:07

Health: -5/80      AC:  8    Str: 21    XL:     9   Next: 71%
Magic:  8/8        EV: 13    Int:  5    God:
Gold:   202        SH: 11    Dex: 14    Spells: 8/8 levels left

rFire   + . .        a - +0 long sword
rCold   + + .        d - +0 kite shield {rC+}
rNeg    . . .        g - +0 chain mail {Will+}
rPois   .            (helmet restricted)
rElec   .            n - scarf {rC+ rF+}
rCorr   .            c - +0 pair of gloves
SInv    .            (no boots)
Will    +....        (no amulet) Stlth
                     l - +5 ring of evasion
HPRegen 0.33/turn    (no ring)
MPRegen 0.11/turn

%: no passive effects
@: corroded
A: horns 2, retaliatory headbutt
a: no special abilities


You were on level 7 of the Dungeon.
You visited 1 branch of the dungeon, and saw 7 of its levels.

You collected 389 gold pieces.
You spent 187 gold pieces at shops.

Inventory:

Hand Weapons
 a - a +0 long sword (weapon)
 b - a +2 whip of flaming
Armour
 c - a +0 pair of gloves (worn)
 d - a +0 kite shield of cold resistance (worn)
 g - a +0 chain mail of willpower (worn)
 n - a scarf of resistance (worn)
Jewellery
 l - a +5 ring of evasion (left hand)
Scrolls
 f - 3 scrolls of vulnerability {unknown}
 i - 3 scrolls of enchant weapon
 j - 3 scrolls of teleportation
 m - a scroll of enchant armour {unknown}
 p - 3 scrolls of blinking {unknown}
 s - a scroll of magic mapping {unknown}
 t - a scroll of torment {unknown}
 u - a scroll of immolation {unknown}
 w - a scroll of fog {unknown}
 y - a scroll of acquirement {unknown}
Potions
 e - a potion of heal wounds
 k - 3 potions of flight
 q - 2 potions of mutation
 r - a potion of magic {unknown}
 v - 2 potions of cancellation


   Skills:
 + Level 7.6 Fighting
 + Level 9.9 Long Blades
 + Level 8.5 Armour
 + Level 3.1 Dodging
 + Level 0.8 Stealth
 + Level 8.5 Shields


You had 8 spell levels left.
You didn't know any spells.
Your spell library contained the following spells:

 Spells                   Type           Power      Damage    Failure   Level
 Volatile Blastmotes      Fire/Tloc      0%         2d10      100%        3
 Fulminant Prism          Conj/Hex       0%         3d5       100%        4
 Iskenderun's Mystic Bla  Conj/Tloc      0%         2d3       100%        4
 Lee's Rapid Deconstruct  Erth           0%         3d4*      100%        5


Dungeon Overview and Level Annotations

Branches:
Dungeon (7/15)
 Temple: D:4-7

Altars:
The Shining One

Shops:
D:1 (   D:3 (   D:4 [


Innate Abilities, Weirdness & Mutations

You have a pair of horns on your head.
You reflexively headbutt those who attack you in melee.


Message History

You closely miss the steam dragon.
The steam dragon is almost dead.
You feel sick. You block the steam dragon's attack.
The steam dragon barely misses you.
Unknown command.
You slash the steam dragon!
You kill the steam dragon!
The steam dragon scales are intact enough to wear.
You feel yourself speed up.
You feel sick.
You are no longer poisoned.
Unknown command.
Okay, then.
p - 3 scrolls labelled BOCLAYDIEK (gained 1) It was a potion of cancellation.
Your magical effects are unravelling.
You feel magically purged.
You feel a little less mighty now.
A jelly comes into view.
The jelly quivers.
The jelly hits you but does no damage.
You hit the jelly but do no damage.
Your hands burn!
* * * LOW HITPOINT WARNING * * *
The jelly misses you.
You hit the jelly. The acid corrodes you!
Your hands burn!
* * * LOW HITPOINT WARNING * * *
The jelly is lightly wounded.
You block the jelly's attack.
You hit the jelly.
Your hands burn!
* * * LOW HITPOINT WARNING * * *
The jelly is heavily wounded.
The jelly hits you but does no damage.
You hit the jelly but do no damage.
Your hands burn!
* * * LOW HITPOINT WARNING * * *
The jelly is heavily wounded.
You hear the faint creaking of a very distant portcullis.
The jelly hits you.
* * * LOW HITPOINT WARNING * * *
You are splashed with acid!
You die...

.. . .# .# #
..# #.#####..#
###........#
......J@# .#
.######.# .#
#.# .# #.##.##
#.#...####
#...#.....
###.##.....#.#
.............#
###.###....#.#


You could see a jelly.

Vanquished Creatures
  Pikel (D:6)
  A cyclops (D:6)
  A gargoyle (D:6)
  Grinder (D:3)
  A hornet (D:7)
  Sigmund (D:3)
  A wraith (D:6)
  A steam dragon (D:7)
  2 water moccasins
  Duvessa (D:6)
  2 lemures (D:6)
  A kobold brigand (D:6)
  A phantom (D:5)
  3 scorpions
  Dowan (D:6)
  5 hounds
  4 orc priests
  4 iguanas
  2 orc wizards
  10 gnolls
  6 adders
  2 white imps (D:6)
  An ufetubus (D:5)
  3 dart slugs
  9 orcs
  9 endoplasms
  3 giant cockroaches
  3 hobgoblins
  4 quokkas
  7 ball pythons
  6 bats
  3 frilled lizards
  12 goblins
  7 kobolds
  6 rats
125 creatures vanquished.

Notes
Turn   | Place    | Note
-------+----------+-------------------------------------------
     0 | D:1      | Peloso the Minotaur Fighter began the quest for the Orb.
     0 | D:1      | Reached XP level 1. HP: 19/19 MP: 0/0
   191 | D:1      | You fall into a shaft and drop 1 floor!
   224 | D:2      | Reached XP level 2. HP: 27/27 MP: 1/1
   242 | D:2      | Found a glowing golden altar of the Shining One.
  1156 | D:1      | Reached XP level 3. HP: 31/33 MP: 2/2
  1208 | D:1      | Reached skill level 3 in Long Blades
  1323 | D:1      | Found Daedo Roo's Antique Weapon Emporium.
  1935 | D:3      | Noticed Sigmund
  2029 | D:4      | Noticed a scorpion
  2046 | D:4      | Killed a scorpion
  2047 | D:4      | Reached skill level 1 in Dodging
  2047 | D:4      | Reached XP level 4. HP: 19/41 MP: 3/3
  2229 | D:4      | Reached skill level 4 in Long Blades
  2229 | D:4      | Reached XP level 5. HP: 45/47 MP: 4/4
  2477 | D:4      | Found Dirrin's Antique Armour Boutique.
  2492 | D:4      | Bought a runed kite shield for 187 gold pieces
  2756 | D:5      | Entered Level 5 of the Dungeon
  2771 | D:5      | Noticed a phantom
  2784 | D:5      | Killed a phantom
  2785 | D:5      | Reached skill level 5 in Long Blades
  2785 | D:5      | Reached skill level 5 in Armour
  2785 | D:5      | Reached XP level 6. HP: 50/53 MP: 5/5
  3074 | D:5      | Reached skill level 5 in Fighting
  3172 | D:5      | Noticed a water moccasin
  3195 | D:5      | Killed a water moccasin
  3196 | D:5      | Reached skill level 5 in Shields
  3196 | D:5      | Reached XP level 7. HP: 44/61 MP: 6/6
  3431 | D:5      | Reached skill level 6 in Long Blades
  3851 | D:6      | Noticed Duvessa
  3851 | D:6      | Noticed Dowan
  3859 | D:6      | Killed Duvessa
  3885 | D:6      | Killed Dowan
  3983 | D:6      | Noticed Pikel
  4028 | D:6      | Killed Pikel
  4029 | D:6      | Reached skill level 7 in Long Blades
  4029 | D:6      | Reached XP level 8. HP: 41/70 MP: 7/7
  4453 | D:6      | Reached skill level 8 in Long Blades
  4807 | D:6      | Noticed a cyclops
  4889 | D:6      | Killed a cyclops
  4890 | D:6      | Reached XP level 9. HP: 38/78 MP: 8/8
  4999 | D:6      | Noticed a gargoyle
  5019 | D:6      | Killed a gargoyle
  5020 | D:6      | Reached skill level 9 in Long Blades
  5583 | D:3      | Noticed Grinder
  5593 | D:3      | Killed Grinder
  5773 | D:3      | Found Irunest's Weapon Shop.
  5905 | D:3      | Killed Sigmund
  6089 | D:7      | Paralysed by a hornet for 3 turns
  6122 | D:7      | Splashed by a jelly's acid

Illustrated notes

Levels and vault maps discovered:
D:1:      heliophobic_arrival_dark_side_of_the_moon, layout_loops_ring,
          serial_shops, shop, kennysheep_boxes
D:2:      layout_loops_corners, basic_altar, hangedman_decor_points
D:3:      layout_rooms, serial_shops, shop, minmay_starry_boxes, uniq_grinder,
          uniq_sigmund
D:4:      layout_basic, serial_shops, shop, serial_rivers,
          chequers_serial_rivers_micro_d, chequers_serial_rivers_micro_b,
          chequers_serial_rivers_micro_c, chequers_serial_rivers_micro_b
D:5:      layout_basic
D:6:      minmay_chambers_of_sixes, layout_basic, minmay_misc_feat_cross,
          uniq_duvessa, uniq_pikel
D:7:      layout_loops_corners, minmay_temple_entry_proselytizer,
          enter_bailey_7, dreamdust_gnoll_shepherd, uniq_maggie

Skill      XL: |  1  2  3  4  5  6  7  8  9 |
---------------+----------------------------+-----
Fighting       | 4 5 6 7 |  7.6
Armour         | 4 5 6 7 8 |  8.5
Shields        | 4 5 6 7 8 |  8.5
Long Blades    | 3 4 5 7 8 9 |  9.9
Dodging        | 1 2 3 |  3.1
Stealth        | |  0.8

Action                     |  1- 3 |  4- 6 |  7- 9 || total
---------------------------+-------+-------+-------++-------
  Melee: Long sword        |   117 |    84 |   314 ||   515
         Headbutt          |    11 |    11 |    60 ||    82
    Use: Potion            |     4 |       |     4 ||     8
         Scroll            |     4 |     1 |     3 ||     8
   Stab: Distracted        |       |       |     1 ||     1
 Armour: Scale mail        |    50 |       |       ||    50
         Chain mail        |       |    39 |   112 ||   151
  Dodge: Dodged            |    57 |    43 |   127 ||   227
  Block: Buckler           |    26 |    11 |       ||    37
         Kite shield       |       |    41 |   159 ||   200
